[Event "45th GER-ch Rapid 2019"]
[Site "Neumarkt in der Oberpfalz"]
[Date "2019.09.21"]
[Round "1.2"]
[White "Buhmann, Rainer"]
[Black "Marcziter, Dmitrii"]
[Result "1/2-1/2"]
[ECO "D15"]
[WhiteElo "2574"]
[BlackElo "2234"]
[Annotator "ChessBase"]
[PlyCount "69"]
[EventDate "2019.09.21"]
[EventType "swiss"]
[EventCountry "GER"]
[SourceTitle "playchess.com"]
[Source "ChessBase"]
[SourceQuality "1"]
[TimeControl "900+10"]

1. d4 d5 2. c4 c6 3. Nf3 Nf6 4. e3 a6 5. Nc3 b5 6. b3 Bg4 7. a4 bxc4 8. bxc4 e6 9. Be2 Bb4 10. Bd2 Nbd7 11. O-O O-O 12. Nxd5 Nxd5 13. cxd5 Bxd2 14. dxc6 Bxe3 15. fxe3 Nf6 16. Ne5 Bf5 17. Bf3 Be4 18. Rc1 Rc8 19. Qe2 Qa5 20. Nd7 Nxd7 21. Bxe4 Nf6 22. Rxf6 gxf6 23. Rc5 Qb4 24. Qg4+ Kh8 25. Qh4 f5 26. Qf6+ Kg8 27. Qg5+ Kh8 28. Qf6+ Kg8 29. h3 Qe1+ 30. Kh2 Qxe3 31. Bf3 Qf4+ 32. g3 Qxf3 33. Qg5+ Kh8 34. Qf6+ Kg8 35. Qg5+ 1/2-1/2

[Event "45th GER-ch Rapid 2019"]
[Site "Neumarkt in der Oberpfalz"]
[Date "2019.09.21"]
[Round "1.3"]
[White "Beesk, Kevin"]
[Black "Schulz, Karsten"]
[Result "0-1"]
[ECO "B07"]
[WhiteElo "1969"]
[BlackElo "2272"]
[Annotator "NA"]
[PlyCount "106"]
[EventDate "2019.09.21"]
[EventType "swiss"]
[EventCountry "GER"]
[SourceTitle "playchess.com"]
[Source "ChessBase"]
[SourceQuality "1"]
[TimeControl "900+10"]

1. e4 g6 2. d4 Bg7 3. Nc3 d6 4. g3 Nf6 5. Bg2 O-O 6. Nge2 e5 7. O-O Nc6 8. dxe5 Nxe5 9. h3 Bd7 10. f4 Nc6 11. Be3 Re8 12. Kh2 a6 13. Qd2 b5 14. a3 a5 15. e5 dxe5 16. Nxb5 Rb8 17. a4 e4 18. c3 Be6 19. Ned4 Nxd4 20. Nxd4 Bc4 21. Rfd1 Qd7 22. b3 Ba6 23. b4 Bd3 24. b5 Nd5 25. Rac1 Nxe3 26. Qxe3 Bxd4 27. Qxd4 Qxd4 28. cxd4 Re7 29. Rc3 Rd8 30. Rcxd3 exd3 31. Rxd3 Re2 32. d5 Ra2 33. Rd4 Re8 34. b6 cxb6 35. d6 Rd8 36. Kg1 Re2 37. d7 Rc2 38. Bf1 Kf8 39. Bb5 Ke7 40. Re4+ Kd6 41. Rd4+ Kc7 42. Rd3 Rc5 43. Rb3 Rxb5 44. Rxb5 Rxd7 45. f5 Rd4 46. fxg6 hxg6 47. Re5 Kd6 48. Rb5 Kc6 49. Re5 Rxa4 50. Re7 Rd4 51. Rxf7 a4 52. Rf6+ Rd6 53. Rf1 b5 0-1

[Event "45th GER-ch Rapid 2019"]
[Site "Neumarkt in der Oberpfalz"]
[Date "2019.09.21"]
[Round "1.4"]
[White "Paulsen, Dirk"]
[Black "Schilay, Lorenz"]
[Result "1-0"]
[ECO "D85"]
[WhiteElo "2309"]
[BlackElo "1871"]
[Annotator "NA"]
[PlyCount "45"]
[EventDate "2019.09.21"]
[EventType "swiss"]
[EventCountry "GER"]
[SourceTitle "playchess.com"]
[Source "ChessBase"]
[SourceQuality "1"]
[TimeControl "900+10"]

1. d4 Nf6 2. c4 g6 3. Nc3 d5 4. cxd5 Nxd5 5. Na4 Nd7 6. Nf3 Bg7 7. e4 N5b6 8. Nc3 O-O 9. Bf4 c5 10. d5 Nf6 11. Qd2 Bd7 12. e5 Nh5 13. Bh6 Bg4 14. Bxg7 Nxg7 15. Ng5 Rc8 16. h3 Bd7 17. Nf3 Na4 18. Ne4 c4 19. d6 Bc6 20. dxe7 Qxe7 21. Nf6+ Kh8 22. Qh6 Qb4+ 23. Nd2 1-0

[Event "45th GER-ch Rapid 2019"]
[Site "Neumarkt in der Oberpfalz"]
[Date "2019.09.21"]
[Round "2.3"]
[White "Parashchenko, Oleg"]
[Black "Beesk, Kevin"]
[Result "1/2-1/2"]
[ECO "B40"]
[WhiteElo "2136"]
[BlackElo "1969"]
[Annotator "NA"]
[PlyCount "102"]
[EventDate "2019.09.21"]
[EventType "swiss"]
[EventCountry "GER"]
[SourceTitle "playchess.com"]
[Source "ChessBase"]
[SourceQuality "1"]
[TimeControl "900+10"]

1. e4 c5 2. Nf3 e6 3. d4 cxd4 4. Nxd4 Nc6 5. Nxc6 bxc6 6. Bd3 Nf6 7. O-O d5 8. Qe2 Be7 9. c4 O-O 10. cxd5 exd5 11. exd5 cxd5 12. Re1 Re8 13. Bg5 Bb4 14. Qxe8+ Nxe8 15. Bxd8 Bxe1 16. Be7 a5 17. Nc3 Bxc3 18. bxc3 Be6 19. Bc5 Rc8 20. Bd4 Nd6 21. Rb1 Bf5 22. Bxf5 Nxf5 23. Be5 f6 24. Rb8 Rxb8 25. Bxb8 a4 26. Kf1 Kf7 27. Ke2 Ke6 28. Kd3 Ne7 29. c4 Kd7 30. cxd5 Nxd5 31. Kc4 Kc6 32. Ba7 g6 33. g3 f5 34. f4 h6 35. Bd4 g5 36. fxg5 hxg5 37. h4 gxh4 38. gxh4 f4 39. h5 f3 40. h6 Nf4 41. h7 Ng6 42. Kb4 Kd5 43. Bf2 Ke6 44. Kxa4 Kf7 45. Kb5 Kg7 46. a4 Ne7 47. a5 Nd5 48. Kc5 Nc7 49. Kd6 Na6 50. Kc6 Kxh7 51. Kb5 Nc7+ 1/2-1/2

[Event "45th GER-ch Rapid 2019"]
[Site "Neumarkt in der Oberpfalz"]
[Date "2019.09.21"]
[Round "2.4"]
[White "Schilay, Lorenz"]
[Black "Pogan, Nikolas"]
[Result "1-0"]
[ECO "B07"]
[WhiteElo "1871"]
[BlackElo "2251"]
[Annotator "NA"]
[PlyCount "37"]
[EventDate "2019.09.21"]
[EventType "swiss"]
[EventCountry "GER"]
[SourceTitle "playchess.com"]
[Source "ChessBase"]
[SourceQuality "1"]
[TimeControl "900+10"]

1. e4 d6 2. d4 Nf6 3. Nc3 e5 4. dxe5 dxe5 5. Qxd8+ Kxd8 6. Bc4 Ke8 7. Nf3 Bd6 8. Bg5 Nbd7 9. O-O-O a6 10. a4 b6 11. Rhe1 Bb7 12. Nh4 g6 13. f4 h6 14. Bxf6 Nxf6 15. Nf3 Nd7 16. Nd5 Rd8 17. Rd2 Kf8 18. Red1 Kg7 19. Nxc7 1-0

[Event "45th GER-ch Rapid 2019"]
[Site "Neumarkt in der Oberpfalz"]
[Date "2019.09.21"]
[Round "3.3"]
[White "Beesk, Kevin"]
[Black "Marcziter, Dmitrii"]
[Result "1/2-1/2"]
[ECO "B50"]
[WhiteElo "1969"]
[BlackElo "2234"]
[Annotator "NA"]
[PlyCount "153"]
[EventDate "2019.09.21"]
[EventType "swiss"]
[EventCountry "GER"]
[SourceTitle "playchess.com"]
[Source "ChessBase"]
[SourceQuality "1"]
[TimeControl "900+10"]

1. Nc3 c5 2. Nf3 Nf6 3. e4 d6 4. e5 dxe5 5. Nxe5 a6 6. g3 e6 7. Bg2 Bd6 8. Nc4 Be7 9. a4 O-O 10. a5 Nbd7 11. O-O Ra7 12. Re1 b5 13. axb6 Nxb6 14. Ne5 Bd7 15. d4 Nbd5 16. Nxd5 exd5 17. Be3 c4 18. b3 Bb4 19. Bd2 Bxd2 20. Qxd2 cxb3 21. cxb3 Bb5 22. Rac1 Qd6 23. Rc5 Rd8 24. Qc2 Re7 25. Rc1 h6 26. Rc8 Rxc8 27. Qxc8+ Re8 28. Qc5 Qe6 29. h3 Ne4 30. Qc2 f6 31. Ng6 Qb6 32. Qd1 f5 33. Nf4 Qd6 34. Qc2 Qb4 35. Rd1 Qd6 36. Kh2 Kh7 37. f3 g5 38. Nh5 Kg6 39. fxe4 Kxh5 40. Bf3+ g4 41. e5 Qe6 42. hxg4+ fxg4 43. Be2 Rc8 44. Qd2 Qg6 45. Rh1 Qg5 46. Kg2+ Kg6 47. Qxg5+ Kxg5 48. Bxb5 Rc2+ 49. Kg1 axb5 50. Rh2 Rc3 51. Re2 Rxg3+ 52. Kh2 Rf3 53. e6 Rf8 54. e7 Re8 55. Re5+ Kf6 56. Rxd5 Rxe7 57. Rxb5 Re3 58. b4 Kg6 59. Rb8 Rd3 60. Rd8 Kg5 61. b5 Kh4 62. Rh8 Rd2+ 63. Kg1 h5 64. b6 Rb2 65. Rh6 Kg3 66. Kf1 h4 67. d5 h3 68. d6 Rxb6 69. d7 Rb8 70. Rd6 Rd8 71. Rd3+ Kf4 72. Kf2 Ke4 73. Rd1 Kf4 74. Rd3 Ke5 75. Kg3 Ke6 76. Kxg4 h2 77. Rh3 1/2-1/2

[Event "45th GER-ch Rapid 2019"]
[Site "Neumarkt in der Oberpfalz"]
[Date "2019.09.21"]
[Round "3.4"]
[White "Rosner, Jonas"]
[Black "Schilay, Lorenz"]
[Result "1-0"]
[ECO "A49"]
[WhiteElo "2417"]
[BlackElo "1871"]
[Annotator "NA"]
[PlyCount "63"]
[EventDate "2019.09.21"]
[EventType "swiss"]
[EventCountry "GER"]
[SourceTitle "playchess.com"]
[Source "ChessBase"]
[SourceQuality "1"]
[TimeControl "900+10"]

1. d4 Nf6 2. Nf3 g6 3. g3 Bg7 4. Bg2 O-O 5. O-O d6 6. b3 c5 7. Bb2 Nc6 8. d5 Nb8 9. c4 a6 10. Nbd2 b5 11. Qc2 Nbd7 12. e4 Qb6 13. Rfe1 Ra7 14. e5 Nxe5 15. Nxe5 dxe5 16. Bxe5 Bf5 17. Qc3 Nh5 18. Bxg7 Nxg7 19. Re2 bxc4 20. Nxc4 Qb4 21. Qxb4 cxb4 22. Rae1 e6 23. d6 Bd3 24. Rd2 Bxc4 25. bxc4 Rc8 26. Rc1 e5 27. c5 Ne6 28. c6 Kf8 29. Bd5 Nd4 30. Kg2 Nb5 31. Bb3 Nd4 32. c7 1-0

[Event "45th GER-ch Rapid 2019"]
[Site "Neumarkt in der Oberpfalz"]
[Date "2019.09.21"]
[Round "4.2"]
[White "Langheinrich, Ferenc"]
[Black "Gschnitzer, Oswald"]
[Result "1-0"]
[ECO "E16"]
[WhiteElo "2382"]
[BlackElo "2357"]
[Annotator "NA"]
[PlyCount "45"]
[EventDate "2019.09.21"]
[EventType "swiss"]
[EventCountry "GER"]
[SourceTitle "playchess.com"]
[Source "ChessBase"]
[SourceQuality "1"]
[TimeControl "900+10"]

1. d4 Nf6 2. c4 e6 3. Nf3 b6 4. g3 Bb4+ 5. Nbd2 Bb7 6. Bg2 O-O 7. O-O a5 8. Qc2 d5 9. Ne5 Nbd7 10. cxd5 Nxe5 11. dxe5 Nxd5 12. Ne4 Be7 13. Bd2 c5 14. Rfd1 Qc7 15. Nd6 Bxd6 16. exd6 Qxd6 17. e4 Ne7 18. Bf4 Qc6 19. Rd6 Qb5 20. Bf1 Qb4 21. f3 c4 22. Rd7 Qc5+ 23. Qf2 1-0

[Event "45th GER-ch Rapid 2019"]
[Site "Neumarkt in der Oberpfalz"]
[Date "2019.09.21"]
[Round "4.3"]
[White "Schwarz, Frank"]
[Black "Beesk, Kevin"]
[Result "1/2-1/2"]
[ECO "A48"]
[WhiteElo "2252"]
[BlackElo "1969"]
[Annotator "NA"]
[PlyCount "131"]
[EventDate "2019.09.21"]
[EventType "swiss"]
[EventCountry "GER"]
[SourceTitle "playchess.com"]
[Source "ChessBase"]
[SourceQuality "1"]
[TimeControl "900+10"]

1. d4 Nf6 2. Nf3 g6 3. Bf4 Bg7 4. e3 d6 5. h3 Nbd7 6. Be2 b6 7. O-O Bb7 8. Bh2 c5 9. c3 O-O 10. Nbd2 Qc7 11. Qb1 Rfc8 12. Re1 a6 13. a4 Bc6 14. b4 cxb4 15. cxb4 b5 16. a5 Qb7 17. Bd3 Bd5 18. e4 Bc4 19. Bc2 Ne8 20. e5 Bd5 21. Ra3 dxe5 22. dxe5 e6 23. Bf4 Rc7 24. Be4 Rac8 25. Bxd5 Qxd5 26. Rd3 Qb7 27. Ne4 Bf8 28. Rd4 Rc4 29. Red1 Rxd4 30. Rxd4 Rc4 31. Qd3 Rxd4 32. Qxd4 Qd5 33. Qxd5 exd5 34. Nc3 Bxb4 35. Nxd5 Bxa5 36. Bh6 Bd8 37. Nb4 Nb8 38. Nd4 Be7 39. Nd5 Bf8 40. Bd2 Bg7 41. f4 Nd7 42. Bb4 Bf8 43. Nc6 Bxb4 44. Ndxb4 Nc5 45. Kf2 Nc7 46. Ke3 N7e6 47. g4 Kf8 48. f5 gxf5 49. gxf5 Nc7 50. Kd4 Nd7 51. Na5 Ke7 52. Nb7 Ke8 53. Nc6 Kf8 54. Nc5 Ke8 55. Ne4 Kf8 56. Ng5 h6 57. e6 fxe6 58. fxe6 hxg5 59. exd7 Ne6+ 60. Kd5 Kf7 61. Kd6 b4 62. Nxb4 a5 63. Nc6 a4 64. Ne5+ Kf6 65. Nc4 Nd8 66. Na3 {[%emt 0:02:02] Ke5+} 1/2-1/2

[Event "45th GER-ch Rapid 2019"]
[Site "Neumarkt in der Oberpfalz"]
[Date "2019.09.21"]
[Round "4.4"]
[White "Schilay, Lorenz"]
[Black "Parashchenko, Oleg"]
[Result "0-1"]
[ECO "C47"]
[WhiteElo "1871"]
[BlackElo "2136"]
[Annotator "NA"]
[PlyCount "122"]
[EventDate "2019.09.21"]
[EventType "swiss"]
[EventCountry "GER"]
[SourceTitle "playchess.com"]
[Source "ChessBase"]
[SourceQuality "1"]
[TimeControl "900+10"]

1. e4 e5 2. Nf3 Nc6 3. Nc3 Nf6 4. a3 Be7 5. d4 exd4 6. Nxd4 O-O 7. Be3 d5 8. exd5 Nxd5 9. Nxc6 bxc6 10. Nxd5 cxd5 11. Bd3 Bd6 12. Qf3 Bb7 13. O-O Qh4 14. g3 Qd8 15. b4 a5 16. c3 Re8 17. Bd4 Be5 18. Qg4 Bc8 19. Bxh7+ Kxh7 20. Qh5+ Kg8 21. Bxe5 Ra6 22. f4 Rg6 23. Rae1 Bg4 24. Qh4 Qxh4 25. gxh4 Be2+ 26. Kf2 Bxf1 27. Rxf1 axb4 28. axb4 f6 29. Bxc7 Rc8 30. Bd6 Rxc3 31. Rd1 Rc2+ 32. Kf3 Rgg2 33. Rxd5 Rxh2 34. h5 Rhd2 35. Rxd2 Rxd2 36. Bc5 Rd5 37. Kg4 Kf7 38. Bb6 Ke6 39. Bc5 Rd2 40. Bf8 Rb2 41. Kf3 Rh2 42. Bxg7 Rxh5 43. Kg4 Rh1 44. Bf8 f5+ 45. Kf3 Rb1 46. Bc5 Rb3+ 47. Ke2 Kd5 48. Kd2 Rf3 49. Be3 Ke4 50. Bc5 Kxf4 51. b5 Rb3 52. b6 Ke4 53. Ke2 f4 54. Kf2 f3 55. Kf1 Rb2 56. Bf2 Rb1+ 57. Be1 Rxb6 58. Kf2 Rb2+ 59. Kg3 Rg2+ 60. Kh3 Rg8 61. Bf2 Kd3 0-1

[Event "45th GER-ch Rapid 2019"]
[Site "Neumarkt in der Oberpfalz"]
[Date "2019.09.21"]
[Round "5.3"]
[White "Beesk, Kevin"]
[Black "Schenderowitsch, Michael"]
[Result "0-1"]
[ECO "B23"]
[WhiteElo "1969"]
[BlackElo "2334"]
[Annotator "RC"]
[PlyCount "152"]
[EventDate "2019.09.21"]
[EventType "swiss"]
[EventCountry "GER"]
[SourceTitle "playchess.com"]
[Source "ChessBase"]
[SourceQuality "1"]
[TimeControl "900+10"]

1. Nc3 d5 2. e4 e6 3. g3 c5 4. Bg2 dxe4 5. Nxe4 Nc6 6. d3 Nge7 7. Nf3 Nf5 8. O-O Be7 9. Re1 O-O 10. Bd2 Qc7 11. Bc3 Nfd4 12. h4 e5 13. Bd2 Bg4 14. c3 Ne6 15. Qc2 h6 16. Nh2 Bf5 17. Rad1 Rad8 18. Bc1 Bg6 19. Qe2 Qd7 20. Bf1 Rfe8 21. h5 Bh7 22. Nf3 Nf8 23. Kh2 Bf5 24. Nh4 Bg4 25. f3 Bxh5 26. Bh3 Qc7 27. Nf5 Bg6 28. Qe3 Bxf5 29. Bxf5 Nh7 30. Kg2 Ng5 31. Rh1 b6 32. Rdg1 Rd5 33. Nf2 Qd8 34. Be4 Rd6 35. f4 exf4 36. gxf4 Nxe4 37. dxe4 Rg6+ 38. Kf1 Rxg1+ 39. Rxg1 Bf8 40. Qh3 Qd6 41. Ke2 Qe6 42. f5 Qc4+ 43. Qd3 Qxd3+ 44. Kxd3 Ne5+ 45. Kc2 Kh7 46. Rh1 c4 47. Nh3 Rd8 48. Bf4 Nd3 49. Be3 Re8 50. Bd4 Kg8 51. e5 Nxe5 52. Re1 Bd6 53. Nf4 Kf8 54. Nh5 f6 55. Nf4 Kf7 56. Bxe5 fxe5 57. Nh5 Rd8 58. Rg1 Bf8 59. Re1 Rd5 60. b3 cxb3+ 61. axb3 a5 62. Ng3 Be7 63. Ne4 Bf6 64. Rh1 Rd8 65. Rh2 Be7 66. Rh3 b5 67. Rg3 a4 68. bxa4 bxa4 69. Rg6 Ra8 70. Rb6 a3 71. Kb1 Ra4 72. Nd2 h5 73. Rb7 h4 74. Nf3 Ke8 75. Nxe5 Bf6 76. Ng6 a2+ 0-1

[Event "45th GER-ch Rapid 2019"]
[Site "Neumarkt in der Oberpfalz"]
[Date "2019.09.21"]
[Round "5.4"]
[White "Promyshlyanskiy, Vitaliy"]
[Black "Schilay, Lorenz"]
[Result "1-0"]
[ECO "C73"]
[WhiteElo "2275"]
[BlackElo "1871"]
[Annotator "NA"]
[PlyCount "46"]
[EventDate "2019.09.21"]
[EventType "swiss"]
[EventCountry "GER"]
[SourceTitle "playchess.com"]
[Source "ChessBase"]
[SourceQuality "1"]
[TimeControl "900+10"]

1. e4 e5 2. Nf3 Nc6 3. Bb5 a6 4. Ba4 d6 5. Bxc6+ bxc6 6. d4 exd4 7. Nxd4 Bb7 8. Nc3 Be7 9. Be3 d5 10. Nf5 Bf6 11. Bd4 dxe4 12. Nxg7+ Kf8 13. Bxf6 Qxf6 14. Nh5 Qg5 15. Qd4 Rd8 16. Qxh8 Qxg2 17. Qg7+ Qxg7 18. Nxg7 Kxg7 19. Rg1+ Kf8 20. Nxe4 Re8 21. O-O-O Rxe4 22. Rd8+ Ke7 23. Rgxg8 Bc8 1-0

[Event "45th GER-ch Rapid 2019"]
[Site "Neumarkt in der Oberpfalz"]
[Date "2019.09.22"]
[Round "6.4"]
[White "Schilay, Lorenz"]
[Black "Luther, Helmut"]
[Result "1/2-1/2"]
[ECO "B01"]
[WhiteElo "1871"]
[BlackElo "2007"]
[Annotator "NA RC"]
[PlyCount "65"]
[EventDate "2019.09.21"]
[EventType "swiss"]
[EventCountry "GER"]
[SourceTitle "playchess.com"]
[Source "ChessBase"]
[SourceQuality "1"]
[TimeControl "900+10"]

1. e4 d5 2. exd5 Qxd5 3. Nc3 Qd6 4. d4 Nf6 5. Nf3 g6 6. g3 Bg7 7. Bf4 Qd8 8. Bg2 O-O 9. O-O c6 10. Re1 Nbd7 11. Qd2 Re8 12. Rad1 Nd5 13. Nxd5 cxd5 14. Ne5 Nxe5 15. Bxe5 Bg4 16. Rc1 Rc8 17. Bxg7 Kxg7 18. Qf4 Be6 19. Qe5+ Kg8 20. c3 Qc7 21. h3 Qd7 22. Kh2 Rc6 23. f4 Rb6 24. Re2 f6 25. Qe3 Bf7 26. Bf3 Re6 27. Qf2 Rxe2 28. Qxe2 b5 29. a3 a6 30. Re1 Kf8 31. Bg4 Qd6 32. Kg2 Rb8 33. Be6 1/2-1/2

[Event "45th GER-ch Rapid 2019"]
[Site "Neumarkt in der Oberpfalz"]
[Date "2019.09.22"]
[Round "7.1"]
[White "Donchenko, Alexander"]
[Black "Buhmann, Rainer"]
[Result "0-1"]
[ECO "A21"]
[WhiteElo "2631"]
[BlackElo "2574"]
[Annotator "RC"]
[PlyCount "164"]
[EventDate "2019.09.21"]
[EventType "swiss"]
[EventCountry "GER"]
[SourceTitle "playchess.com"]
[Source "ChessBase"]
[SourceQuality "1"]
[TimeControl "900+10"]

1. c4 e5 2. g3 d6 3. Bg2 f5 4. Nc3 Nf6 5. d4 Be7 6. Nf3 e4 7. Ng5 c6 8. O-O h6 9. Nh3 O-O 10. f3 d5 11. cxd5 cxd5 12. Nf4 Nc6 13. Be3 Na5 14. b3 Nc6 15. Qd2 Bb4 16. a3 Bxc3 17. Qxc3 Qe8 18. b4 g5 19. Nh3 Be6 20. b5 Ne7 21. Qb3 Qd7 22. f4 g4 23. Nf2 Rfc8 24. Rfc1 Ne8 25. Bd2 Nd6 26. a4 Nc4 27. Bb4 h5 28. h4 a6 29. Nd1 axb5 30. Bxe7 Qxe7 31. axb5 Qd6 32. Bf1 Qb6 33. e3 Rxa1 34. Rxa1 Nd2 35. Qb4 Nf3+ 36. Kf2 Qc7 37. Be2 Kf7 38. Ra7 Qb6 39. Ra3 Qc7 40. Nc3 Qe7 41. Qb2 Nxh4 42. Ra7 Nf3 43. Qa3 Qxa3 44. Rxa3 Ke7 45. b6 h4 46. gxh4 Nxh4 47. Nb5 Bd7 48. Ra7 Bc6 49. Nc3 Kd6 50. Nb5+ Kd7 51. Nc3 Nf3 52. Bb5 Bxb5 53. Rxb7+ Kc6 54. Rf7 Kxb6 55. Nxd5+ Ka5 56. Rxf5 Nd2 57. Rg5 Rc2 58. Kg3 Ka4 59. f5 Nf1+ 60. Kxg4 Bc6 61. Nb6+ Kb5 62. Kf4 Kxb6 63. f6 Rf2+ 64. Ke5 Nxe3 65. d5 Nxd5 66. Kxe4 Nxf6+ 67. Ke3 Rf3+ 68. Ke2 Rb3 69. Re5 Ne4 70. Re7 Kc5 71. Ra7 Kd4 72. Kd1 Rb2 73. Kc1 Rh2 74. Ra6 Bb5 75. Ra5 Bc4 76. Ra3 Nc5 77. Rg3 Nd3+ 78. Kb1 Ba2+ 79. Ka1 Bb3 80. Rg1 Kc3 81. Rf1 Ra2+ 82. Kb1 Ra7 0-1

[Event "45th GER-ch Rapid 2019"]
[Site "Neumarkt in der Oberpfalz"]
[Date "2019.09.22"]
[Round "8.1"]
[White "Buhmann, Rainer"]
[Black "Langheinrich, Ferenc"]
[Result "1-0"]
[ECO "E51"]
[WhiteElo "2574"]
[BlackElo "2382"]
[Annotator "ChessBase"]
[PlyCount "80"]
[EventDate "2019.09.21"]
[EventType "swiss"]
[EventCountry "GER"]
[SourceTitle "playchess.com"]
[Source "ChessBase"]
[SourceQuality "1"]
[TimeControl "900+10"]

1. d4 Nf6 2. c4 e6 3. Nf3 d5 4. Nc3 Bb4 5. e3 O-O 6. Bd2 dxc4 7. Bxc4 c5 8. O-O b6 9. a3 Bxc3 10. Bxc3 Nbd7 11. Rc1 Bb7 12. dxc5 Nxc5 13. b4 Nce4 14. Bd4 Qe7 15. Qe2 a5 16. Qb2 axb4 17. axb4 Ra4 18. b5 Nc5 19. Ne5 Nfd7 20. Nc6 Qh4 21. Bxg7 Rfa8 22. g3 Qg5 23. Bd4 h5 24. f4 Qg4 25. Be2 Qh3 26. Ra1 h4 27. gxh4 Kh7 28. Bf3 Rg8+ 29. Kh1 Rxa1 30. Qxa1 f5 31. Qd1 Kh6 32. Qe2 Qxh4 33. Rg1 Rxg1+ 34. Kxg1 Ne4 35. Bg2 Ndc5 36. Qf3 Qe1+ 37. Qf1 Qh4 38. Qe2 Ba8 39. Bf1 Nd3 40. Qg2 e5 1-0

[Event "45th GER-ch Rapid 2019"]
[Site "Neumarkt in der Oberpfalz"]
[Date "2019.09.22"]
[Round "8.3"]
[White "Fischer, Edwin"]
[Black "Beesk, Kevin"]
[Result "0-1"]
[ECO "A46"]
[WhiteElo "2141"]
[BlackElo "1969"]
[Annotator "NA"]
[PlyCount "128"]
[EventDate "2019.09.21"]
[EventType "swiss"]
[EventCountry "GER"]
[SourceTitle "playchess.com"]
[Source "ChessBase"]
[SourceQuality "1"]
[TimeControl "900+10"]

1. d4 Nf6 2. Nf3 c5 3. c3 b6 4. Bg5 cxd4 5. Bxf6 gxf6 6. cxd4 Bb7 7. e3 e6 8. Nc3 f5 9. g3 Bg7 10. Bg2 O-O 11. O-O Bxf3 12. Bxf3 d5 13. Rc1 Nd7 14. Be2 a6 15. a4 Qg5 16. Bd3 Nf6 17. Qe2 a5 18. f4 Qg6 19. Nb5 h5 20. Rc6 Rab8 21. Rfc1 Kh8 22. Kh1 Rg8 23. Rc7 Bf8 24. Na7 Bb4 25. Nc6 Rbf8 26. Ne5 Qh7 27. R1c6 Rg7 28. Nf3 Rfg8 29. Nh4 Ne8 30. Rd7 Nf6 31. Rb7 Ne4 32. Bxe4 fxe4 33. Rcxb6 Rc8 34. Rb8 Rgg8 35. Rxc8 Rxc8 36. Kg2 Rc1 37. Rb8+ Kg7 38. Qb5 Rc2+ 39. Kh3 Be7 40. Qe8 Bxh4 41. Qf8+ Kg6 42. gxh4 Re2 43. Qe7 Rxe3+ 44. Kg2 Qg7 45. Qg5+ Kh7 46. Rb5 Qxg5+ 47. fxg5 Rd3 48. Rxa5 Rxd4 49. Ra7 Kg6 50. Kg3 e3 51. Kf3 Rxh4 52. Kxe3 e5 53. Kf3 Rxh2 54. b4 Rh3+ 55. Kg2 Rb3 56. Rb7 d4 57. a5 d3 58. Kf2 e4 59. Ke3 h4 60. a6 Ra3 61. Kxe4 h3 62. Kf4 d2 63. Rb6+ Kg7 64. Rd6 h2 0-1

[Event "45th GER-ch Rapid 2019"]
[Site "Neumarkt in der Oberpfalz"]
[Date "2019.09.22"]
[Round "8.4"]
[White "Schilay, Lorenz"]
[Black "Herrmann, Michael"]
[Result "0-1"]
[ECO "B10"]
[WhiteElo "1871"]
[BlackElo "2242"]
[Annotator "NA"]
[PlyCount "74"]
[EventDate "2019.09.21"]
[EventType "swiss"]
[EventCountry "GER"]
[SourceTitle "playchess.com"]
[Source "ChessBase"]
[SourceQuality "1"]
[TimeControl "900+10"]

1. e4 c6 2. Nf3 d5 3. exd5 cxd5 4. Ne5 Nc6 5. d4 e6 6. Bb5 Bd7 7. Nxd7 Qxd7 8. c3 a6 9. Bd3 Nf6 10. Nd2 Bd6 11. Qe2 O-O 12. O-O e5 13. dxe5 $11 Nxe5 14. Nf3 Rfe8 15. Nxe5 Rxe5 16. Qc2 Rae8 17. Be3 Ne4 18. g3 Qh3 19. Be2 Nxg3 20. hxg3 Rxe3 21. Bg4 Rxg3+ 22. fxg3 Bc5+ 23. Rf2 Qxg3+ 24. Kf1 Bxf2 25. Qxf2 Qxg4 26. Re1 Re4 27. Rxe4 dxe4 28. Qa7 Qf3+ 29. Ke1 h5 30. Qxb7 h4 31. c4 h3 32. c5 Qg3+ 33. Ke2 Qg2+ 34. Ke3 Qg3+ 35. Kd4 h2 36. Qc8+ Kh7 37. Qf5+ Kh6 0-1

[Event "45th GER-ch Rapid 2019"]
[Site "Neumarkt in der Oberpfalz"]
[Date "2019.09.22"]
[Round "9.3"]
[White "Beesk, Kevin"]
[Black "Erlach, Olaf"]
[Result "1/2-1/2"]
[ECO "A00"]
[WhiteElo "1969"]
[BlackElo "2053"]
[Annotator "NA"]
[PlyCount "57"]
[EventDate "2019.09.21"]
[EventType "swiss"]
[EventCountry "GER"]
[SourceTitle "playchess.com"]
[Source "ChessBase"]
[SourceQuality "1"]
[TimeControl "900+10"]

1. Nc3 d5 2. e4 dxe4 3. Nxe4 Nf6 4. Ng3 e5 5. Bc4 Bc5 6. Nf3 Nc6 7. O-O O-O 8. d3 h6 9. h3 Re8 10. Re1 Qd6 11. c3 a6 12. a4 Bd7 13. Qc2 e4 14. Nxe4 Nxe4 15. dxe4 Qg3 16. Kf1 Qg6 17. Bd3 Qh5 18. Ng1 Ne5 19. f4 Nxd3 20. Qxd3 Rad8 21. Qf3 Qh4 22. Be3 Bxe3 23. Rxe3 Bc6 24. Qf2 Qxf2+ 25. Kxf2 Rxe4 26. Rxe4 Bxe4 27. Re1 f5 28. Nf3 Bxf3 29. Kxf3 1/2-1/2

[Event "45th GER-ch Rapid 2019"]
[Site "Neumarkt in der Oberpfalz"]
[Date "2019.09.22"]
[Round "9.4"]
[White "Muranyi, Karl-Jasmin"]
[Black "Voege, Tobias"]
[Result "1/2-1/2"]
[ECO "A40"]
[WhiteElo "2331"]
[BlackElo "2288"]
[Annotator "NA"]
[PlyCount "72"]
[EventDate "2019.09.21"]
[EventType "swiss"]
[EventCountry "GER"]
[SourceTitle "playchess.com"]
[Source "ChessBase"]
[SourceQuality "1"]
[TimeControl "900+10"]

1. d4 e6 2. c3 f5 3. h3 b6 4. Bf4 Bb7 5. Nd2 Nf6 6. e3 Be7 7. Ngf3 O-O 8. Bc4 Ne4 9. O-O d5 10. Be2 Nd7 11. Ne5 Ndf6 12. f3 Nd6 13. g4 Nd7 14. Bd3 g5 15. Bh2 Nxe5 16. Bxe5 Bf6 17. Qe1 c5 18. Qg3 Nf7 19. Bxf6 Qxf6 20. f4 gxf4 21. Rxf4 Kh8 22. Kh2 Rg8 23. Qf2 Qh6 24. gxf5 e5 25. dxe5 Nxe5 26. Be2 d4 27. e4 Raf8 28. cxd4 Ng6 29. Rf3 Nh4 30. Rg1 Qxd2 31. Rxg8+ Rxg8 32. Qxh4 Qxe2+ 33. Rf2 Qxe4 34. Qf6+ Rg7 35. Qf8+ Rg8 36. Qf6+ Rg7 1/2-1/2